 Dungeon Crawl Stone Soup version 0.22.0-6-g71bd7aa (webtiles) character file.

1138 Amnesiac the Thaumaturge (level 8, -6/52 HPs)
             Began as a Mummy Air Elementalist on Aug 16, 2018.
             Mangled by a hornet zombie (10 damage)
             ... on level 7 of the Dungeon.
             The game lasted 00:10:55 (3427 turns).

Amnesiac the Thaumaturge (Mummy Air Elementalist)   Turns: 3427, Time: 00:10:56

Health: -6/52      AC:  3    Str: 11    XL:     8   Next: 14%
Magic:  11/20      EV: 12    Int: 17    God:
Gold:   201        SH:  0    Dex: 12    Spells: 11/23 levels left

rFire    x . .     SeeInvis .   a - +0 long sword
rCold    + . .     Gourm    .   (no shield)
rNeg     + + +     Faith    .   i - +0 robe
rPois    ∞         Spirit   .   (no helmet)
rElec    .         Reflect  .   j - +0 cloak
rCorr    .         Harm     .   (no gloves)
MR       ++...                  (no boots)
Stlth    ++........             (no amulet)
HPRegen  0.17/turn              c - ring of protection from magic
MPRegen  0.17/turn              (no ring)

@: no status effects
A: no food or potions, fire vulnerability, cold resistance 1, negative energy
resistance 3, torment resistance, unbreathing
a: no special abilities


You were on level 7 of the Dungeon.
You were not hungry.

You visited 1 branch of the dungeon, and saw 7 of its levels.

You collected 201 gold pieces.

Inventory:

Hand Weapons
 a - a +0 long sword (weapon)
Armour
 i - a +0 robe (worn)
 j - a +0 cloak (worn)
 k - a +0 buckler
Jewellery
 c - a ring of protection from magic (left hand)
Scrolls
 d - a scroll of fog {!r}
 e - a scroll of teleportation {!r}
 g - 4 scrolls of remove curse {!r}
 h - a scroll of immolation {!r}


   Skills:
 - Level 1.5 Dodging
 - Level 1.5 Stealth
 - Level 8.0 Spellcasting
 - Level 0.7 Conjurations
 + Level 6.6 Air Magic


You had 11 spell levels left.
You knew the following spells:

 Your Spells              Type           Power        Failure   Level  Hunger
a - Shock                 Conj/Air       ###.         2%          1    N/A
b - Lightning Bolt        Conj/Air       ###.......   54%         5    N/A
d - Airstrike             Air            ####......   7%          4    N/A
z - Swiftness             Chrm/Air       ###.....     4%          2    N/A

Your spell library contained the following spells:

 Spells                   Type           Power        Failure   Level  Hunger
 Static Discharge         Conj/Air       ###.....     7%          3    N/A

Dungeon Overview and Level Annotations

Branches:
Dungeon (7/15)
 Temple: D:4-7

Altars:
Ashenzari
Okawaru
Uskayaw

Shops:
D:5 :   D:7 :%


Innate Abilities, Weirdness & Mutations

You do not eat or drink.
Your flesh is vulnerable to fire.
You are immune to poison.
Your flesh is cold resistant. (rC+)
You are immune to negative energy. (rN+++)
You are immune to unholy pain and torment.
You can survive without breathing.


Message History

Unknown command.
Casting: Shock (safe; 2% risk of failure)
Confirm with . or Enter, or press ? or * to list all spells.
Aiming: Shock (safe; 2% risk of failure)
Press: ? - help, Shift-Dir - straight line, f/p - worker ant
Aim: a worker ant (heavily wounded)
The zap misses the worker ant. x2; The worker ant closely misses you.
Unknown command.
Casting: Shock (safe; 2% risk of failure)
Confirm with . or Enter, or press ? or * to list all spells.
Aiming: Shock (safe; 2% risk of failure)
Press: ? - help, Shift-Dir - straight line, f/p - worker ant
Aim: a worker ant (heavily wounded)
The zap hits the worker ant.
The worker ant is severely wounded.
The zap hits the worker ant.
The worker ant is heavily wounded.
The worker ant misses you. x2
Unknown command.
Casting: Shock (safe; 2% risk of failure)
Confirm with . or Enter, or press ? or * to list all spells.
Aiming: Shock (safe; 2% risk of failure)
Press: ? - help, Shift-Dir - straight line, f/p - worker ant
Aim: a worker ant (severely wounded)
The zap misses the worker ant.
The zap hits the worker ant.
The worker ant is almost dead.
The worker ant closely misses you.
You riposte.
You slash the worker ant!
You kill the worker ant!
Unknown command.
The worker ant barely misses you.
Casting: Shock (safe; 2% risk of failure)
Confirm with . or Enter, or press ? or * to list all spells.
Aiming: Shock (safe; 2% risk of failure)
Press: ? - help, Shift-Dir - straight line, f - worker ant
Aim: a worker ant (almost dead)
The zap misses the worker ant. x2; The worker ant barely misses you.
Unknown command.
Casting: Shock (safe; 2% risk of failure)
Confirm with . or Enter, or press ? or * to list all spells.
Aiming: Shock (safe; 2% risk of failure)
Press: ? - help, Shift-Dir - straight line, f/p - worker ant
Aim: a worker ant (almost dead)
The zap hits the worker ant.
You kill the worker ant!
Unknown command.
There is a stone staircase leading down here.
Okay, then.
Okay, then.
You climb downwards.
You hear the roar of battle.
There is an entrance to a bailey on this level.
Hurry and find it before the portal closes forever!
You hear the quick creaking of a distant portcullis.
The jackal closely misses you. The hornet zombie hits you!
* * * LOW HITPOINT WARNING * * *
The jackal closely misses you. The hornet zombie hits you!
* * * LOW HITPOINT WARNING * * *
There is a stone staircase leading up here.
Really read
b - a scroll of fear {!r}?
As you read the scroll of fear {!r}, it crumbles to dust.
You assume a fearsome visage.
The worker ant looks frightened!
The howler monkey looks frightened!
The hornet zombie is unaffected.
The worker ant zombie is unaffected.
The jackal looks frightened! x2
The hornet zombie hits you!
You die...

#.hh.Z......!...##
.......###.............
#....### ###........!..
#..### ##..#.........
..# ######.h##.........
## #.......###.........
#....ahZ# ##...##.. ##
#.......# ######...#
#....h.@# #..#.#
#......Z# #.##.#
#.......##### #.##.#
#...........### #.##.#
#.............###.##.#
#####.##...##.#......#
#..#.....#...####.#
#....._......# #.#
#..#.....#...# #.#


You could see a howler monkey (fleeing), a worker ant (fleeing), a worker ant
zombie, a hornet zombie and 2 jackals.

Vanquished Creatures
  Sigmund (D:6)
  A sky beast (D:7)
  2 ogres (D:4)
  A bullfrog (D:5)
  3 killer bees (D:7)
  A howler monkey (D:4)
  A hound (D:4)
  3 orc priests
  3 orc wizards
  2 iguanas
  2 worker ants (D:6)
  A worker ant zombie (D:6)
  7 gnolls
  A howler monkey skeleton (D:5)
  5 adders
  A worm (D:2)
  A dart slug (D:3)
  3 leopard geckos (D:3)
  6 orcs
  3 bats
  2 giant cockroaches
  4 goblins
  4 hobgoblins
  8 jackals
  A quokka (D:3)
  2 ball pythons
  4 frilled lizards
  A jackal skeleton (D:4)
  2 kobolds (D:2)
  3 rats
79 creatures vanquished.

Notes
Turn   | Place    | Note
-------+----------+-------------------------------------------
     0 | D:1      | Amnesiac the Mummy Air Elementalist began the quest for the Orb.
     0 | D:1      | Reached XP level 1. HP: 13/13 MP: 4/4
   134 | D:2      | Reached skill level 3 in Spellcasting
   184 | D:2      | Reached XP level 2. HP: 19/19 MP: 0/6
   413 | D:3      | Reached XP level 3. HP: 3/24 MP: 0/8
   932 | D:3      | Reached skill level 4 in Spellcasting
  1092 | D:3      | Reached XP level 4. HP: 18/30 MP: 6/10
  1425 | D:4      | Reached skill level 5 in Spellcasting
  1425 | D:4      | Reached XP level 5. HP: 27/35 MP: 5/12
  1761 | D:5      | Entered Level 5 of the Dungeon
  1812 | D:6      | Noticed an ice beast
  2058 | D:4      | Reached XP level 6. HP: 41/41 MP: 12/14
  2074 | D:4      | Learned a level 4 spell: Airstrike
  2082 | D:4      | Learned a level 5 spell: Lightning Bolt
  2084 | D:4      | Reached skill level 6 in Spellcasting
  2091 | D:4      | Learned a level 2 spell: Swiftness
  2196 | D:4      | Found a shattered altar of Ashenzari.
  2557 | D:4      | Reached skill level 5 in Air Magic
  2557 | D:4      | Reached XP level 7. HP: 46/46 MP: 12/17
  2577 | D:5      | Found Initezao's Book Shoppe.
  2589 | D:5      | Reached skill level 7 in Spellcasting
  2699 | D:5      | Found a hide-covered altar of Uskayaw.
  2938 | D:7      | Found an iron altar of Okawaru.
  3122 | D:7      | Reached skill level 8 in Spellcasting
  3228 | D:6      | Noticed Sigmund
  3241 | D:6      | Killed Sigmund
  3241 | D:6      | Reached XP level 8. HP: 43/52 MP: 4/20
  3286 | D:7      | Found Futtidd's Food Emporium.
  3291 | D:7      | Found Utiqex's Book Emporium.
  3427 | D:7      | Mangled by a hornet zombie

Skill      XL: |  1  2  3  4  5  6  7 |
---------------+----------------------+-----
Spellcasting   | 3 4 5 6 8 |  8.0
Air Magic      | 3 4 5 6 |  6.6
Dodging        | |  1.5
Stealth        | |  1.5
Conjurations   | |  0.7

Action                   |  1- 3 |  4- 6 |  7- 9 || total
-------------------------+-------+-------+-------++-------
Melee: Short sword       |     7 |       |       ||     7
       Long sword        |       |       |    14 ||    14
 Cast: Shock             |    45 |    89 |    50 ||   184
       Airstrike         |       |     1 |    11 ||    12
  Use: Scroll            |     2 |     2 |     5 ||     9
Armor: Robe              |    12 |     5 |    13 ||    30
Dodge: Dodged            |    49 |    42 |    63 ||   154
       Rpst.: Long sword |       |     7 |    23 ||    30
